 Dungeon Crawl Stone Soup version 0.18.1-8-gdd0e5ea (webtiles) character file.

2319 Kasora the Ruffian (level 9, -3/74 (75) HPs)
             Began as a Ghoul Gladiator on June 7, 2016.
             Slain by an orc warrior
             ... wielding a +0 war axe
              (21 damage)
             ... on level 7 of the Dungeon.
             The game lasted 00:34:53 (7294 turns).

Kasora the Ruffian (Ghoul Gladiator)                Turns: 7294, Time: 00:35:01

HP:   -3/74 (75)    AC: 13    Str: 22    XL:     9   Next: 41%
MP:   8/8           EV:  6    Int:  3    God:
Gold: 425           SH: 10    Dex:  9    Spells: 0 memorised, 8 levels left

rFire  . . .     SeeInvis .       - Unarmed
rCold  + . .     Gourm    .     C - +0 plate armour
rNeg   + + +     Faith    .     v - +0 shield
rPois  ∞         Spirit   .     b - +0 helmet
rElec  .         Dismiss  .     (no cloak)
rCorr  .         Reflect  .     (no gloves)
SustAt .         Harm     .     (no boots)
MR     .....                    (no amulet)
Stlth  ..........               (no ring)
                                (no ring)

@: rotting, not resistant to hostile enchantments, extremely unstealthy
A: rotting body, claws 1, carnivore 3, cold resistance 1, negative energy
resistance 3, slow regeneration 1, torment resistance, unbreathing
a: no special abilities


You were on level 7 of the Dungeon.
You were not hungry.

You visited 1 branch of the dungeon, and saw 7 of its levels.

You collected 425 gold pieces.

Inventory:

Hand Weapons
 p - a +0 long sword
 B - a +0 long sword of flaming
Missiles
 c - 3 throwing nets (quivered)
 e - 365 stones
 g - 53 bolts
 i - 61 arrows
 q - 89 sling bullets
 I - 7 javelins
 L - 9 poisoned needles
Armour
 a - a +0 leather armour
 b - a +0 helmet (worn)
 j - a +0 chain mail
 o - a +0 ring mail
 v - a +0 shield (worn)
 y - a +0 chain mail
 z - a +0 buckler
 A - a +0 chain mail
 C - a +0 plate armour (worn)
 H - a +0 ice dragon armour
Scrolls
 d - 3 scrolls of vulnerability {unknown}
 h - 3 scrolls of identify {unknown}
 k - 4 scrolls of remove curse {unknown}
 l - a scroll of immolation {unknown}
 u - 3 scrolls of enchant armour {unknown}
 w - 2 scrolls of enchant weapon {unknown}
 D - 6 scrolls of blinking {unknown}
 G - 2 scrolls of teleportation {unknown}
 J - a scroll of noise {unknown}
 K - a scroll of recharging {unknown}
 M - a scroll of brand weapon {unknown}
Potions
 f - a potion of resistance {unknown}
 m - a potion of cancellation {unknown}
 n - 3 potions of curing {unknown}
 s - a potion of berserk rage {unknown}
 t - 3 potions of might {unknown}
 x - 3 potions of mutation {unknown}
Books
 E - a book of Conjurations

   Spells                             Type                      Level
   a - Magic Dart                     Conjuration                  1
   b - Searing Ray                    Conjuration                  2
   c - Dazzling Spray                 Conjuration/Hexes            3
   d - Fulminant Prism                Conjuration/Hexes            4
   e - Iskenderun's Mystic Blast      Conjuration                  4
   f - Iskenderun's Battlesphere      Conjuration/Charms           5
Comestibles
 r - a slice of pizza
 F - 2 beef jerkies


   Skills:
 + Level 5.7 Fighting
 + Level 1.8 Throwing
 + Level 4.9 Armour
 + Level 4.6 Dodging
 + Level 1.2 Stealth
 + Level 5.3 Shields
 + Level 7.6 Unarmed Combat


You had 8 spell levels left.
You didn't know any spells.

Dungeon Overview and Level Annotations

Branches:
Dungeon (7/15)             Temple (0/1) D:6

Altars:
Ashenzari
Gozag
Makhleb
Okawaru
Ru
Sif Muna
Trog

Shops:
D:6 }*[


Innate Abilities, Weirdness & Mutations

Your body is rotting away.
You thrive on raw meat.
You are immune to poison.
You have sharp fingernails.
You are carnivorous and can eat meat at any time.
Your flesh is cold resistant.
You are immune to negative energy.
You regenerate slowly when monsters are visible.
You are immune to unholy pain and torment.
You can survive without breathing.


Message History

The magic dart hits you!
* * * LOW HITPOINT WARNING * * *
You block the orc's attack.
You scratch the orc warrior.
The orc warrior is lightly wounded.
You block something's attack. The orc hits you but does no damage.
The orc wizard casts a spell.
The orc wizard seems to speed up.
You scratch the orc warrior.
The orc warrior is moderately wounded.
You block the orc warrior's attack.
The orc wizard miscasts a cantrip.
You closely miss the orc warrior.
The orc warrior is moderately wounded.
The orc hits you but does no damage. Something hits you but does no damage.
The orc wizard casts a spell at you. The puff of frost hits you! You resist.
* * * LOW HITPOINT WARNING * * *
The orc warrior hits you with a war axe!!
You die...

##...............###....# #.##..
#...............## ###### #####.
..###..........## #⌠# ##..
...#..##.......# ... #...
.....####......## ##.## ##...
.....# #.......## #⌠.⌠# ##....
.##...####.......#####.#####.....
.##.##..##..###..o...............
##.###.....## #.@{...............
##.###.....# #.oo...............
...........####.).........#......
.##......[...#.....###.....###...
#####.....##......## ##....# ###.
## #.....####....# #.....# ## .#
###...####.....## .......# .
.###.....##....#...# .........
#....###.....<..#


You could see an orc warrior, an orc wizard and an orc.

Vanquished Creatures
  Pikel (D:6)
  The ghost of Liquid the Poker, an amateur HuFi (D:4)
  Menkaure (D:6)
  An ice beast (D:5)
  An ogre (D:5)
  3 phantoms
  3 big kobolds (D:5)
  The ghost of baljet the Sneak, an amateur VSAs (D:3)
  A scorpion (D:4)
  3 crimson imps
  A jelly (D:6)
  A centaur skeleton (D:7)
  3 hounds (D:4)
  4 orc wizards (D:4)
  2 giant frog skeletons
  Ijyb (D:3)
  Terence (D:3)
  An iguana (D:5)
  2 worker ants
  2 adders
  4 gnolls
  A howler monkey skeleton (D:6)
  3 oozes
  6 worms
  2 dart slugs
  3 giant geckos
  14 orcs
  4 bats
  5 giant cockroaches
  7 goblins
  5 hobgoblins
  6 jackals
  50 kobolds
  2 ball pythons (D:1)
  A ball python zombie (D:4)
  7 giant newts
  A quokka zombie (D:5)
  7 rats
162 creatures vanquished.

Notes
Turn   | Place    | Note
--------------------------------------------------------------
     0 | D:1      | Kasora the Ghoul Gladiator began the quest for the Orb.
     0 | D:1      | Reached XP level 1. HP: 17/17 MP: 0/0
   114 | D:1      | Reached XP level 2. HP: 19/25 MP: 1/1
   561 | D:1      | Reached XP level 3. HP: 28/30 MP: 2/2
  1396 | D:2      | Reached skill level 1 in Armour
  1452 | D:2      | Found an opulent altar of Gozag.
  1477 | D:2      | Found a deep blue altar of Sif Muna.
  1481 | D:2      | Found a sacrificial altar of Ru.
  1705 | D:2      | Reached skill level 4 in Unarmed Combat
  1705 | D:2      | Reached XP level 4. HP: 37/37 MP: 3/3
  2005 | D:3      | Noticed Terence
  2023 | D:3      | Killed Terence
  2355 | D:3      | Noticed Ijyb
  2393 | D:3      | Killed Ijyb
  2393 | D:3      | Reached XP level 5. HP: 33/41 MP: 4/4
  2783 | D:3      | Noticed baljet's ghost (amateur VSAs)
  2855 | D:3      | Killed baljet's ghost
  3103 | D:4      | Reached skill level 5 in Unarmed Combat
  3103 | D:4      | Reached XP level 6. HP: 37/47 MP: 5/5
  3116 | D:4      | Reached skill level 1 in Shields
  3175 | D:4      | Noticed Liquid's ghost (amateur HuFi)
  3190 | D:4      | Killed Liquid's ghost
  3190 | D:4      | Reached skill level 1 in Stealth
  3190 | D:4      | Reached XP level 7. HP: 28/55 MP: 6/6
  4515 | D:5      | Entered Level 5 of the Dungeon
  4540 | D:5      | Reached XP level 8. HP: 64/66 MP: 7/7
  4596 | D:5      | Found a bloodstained altar of Trog.
  4700 | D:5      | Reached skill level 6 in Unarmed Combat
  4708 | D:5      | Found a burning altar of Makhleb.
  5580 | D:5      | Reached skill level 5 in Fighting
  6363 | D:6      | Found Astrap's Antique Armour Shoppe.
  6534 | D:6      | Noticed Menkaure
  6535 | D:6      | Found a staircase to the Ecumenical Temple.
  6550 | D:6      | Killed Menkaure
  6550 | D:6      | Reached XP level 9. HP: 65/71 MP: 8/8
  6597 | D:6      | Found Lipti's Gadget Shop.
  6693 | D:6      | Noticed Pikel
  6707 | D:6      | Killed Pikel
  6707 | D:6      | Reached skill level 5 in Shields
  6707 | D:6      | Reached skill level 7 in Unarmed Combat
  6862 | D:6      | Found Olig Xof's General Store.
  7055 | D:7      | Found a shattered altar of Ashenzari.
  7079 | D:7      | Found an iron altar of Okawaru.
  7294 | D:7      | Slain by an orc warrior

Skill      XL: |  1  2  3  4  5  6  7  8  9 |
---------------+----------------------------+-----
Dodging        | 3 4 |  4.6
Armour         | 1 2 3 4 |  4.9
Unarmed Combat | 4 5 6 7 |  7.6
Fighting       | 3 4 5 |  5.7
Shields        | 1 2 4 5 |  5.3
Stealth        | 1 |  1.2
Throwing       | |  1.8

Action                   |  1- 3 |  4- 6 |  7- 9 || total
-------------------------+-------+-------+-------++-------
Melee: Unarmed           |   167 |   173 |   429 ||   769
       Punch             |     2 |       |       ||     2
  Eat: Chunk             |     4 |     6 |    13 ||    23
       Pizza             |       |     1 |       ||     1
       Meat ration       |       |       |     3 ||     3
Armor: Leather armour    |    13 |       |       ||    13
       Chain mail        |    73 |    87 |    35 ||   195
       Plate armour      |       |       |   280 ||   280
Dodge: Dodged            |   100 |    38 |   109 ||   247
Block: Shield            |       |    56 |   275 ||   331
